 Dungeon Crawl Stone Soup version 0.30-a0-879-ga8ba668304 (webtiles) character file.

Game seed: 1321237872329703996

4644 ytrimaz the Severer (level 10, -1/73 HPs)
             Began as a Formicid Fighter on Mar 13, 2023.
             Was an Elder of Okawaru.
             Slain by Prince Ribbit (3 damage)
             ... on level 9 of the Dungeon.
             The game lasted 00:11:27 (8458 turns).

ytrimaz the Severer (Formicid Fighter)              Turns: 8458, Time: 00:11:28

Health: -1/73      AC: 15    Str: 24    XL:     10   Next: 70%
Magic:  12/12      EV:  6    Int:  9    God:    Okawaru [****..]
Gold:   492        SH:  5    Dex: 13    Spells: 9/9 levels left

rFire   + . .      SeeInvis +    a - +0 war axe
rCold   . . .      Faith    .    c - +0 buckler
rNeg    . . .      Spirit   .    s - +0 plate armour
rPois   +          Reflect  .    (helmet unavailable)
rElec   .          Rampage  .    i - +0 cloak
rCorr   .                        u - +0 pair of gloves
Will    +....                    g - +0 pair of boots Stlth
                                 (no amulet)
HPRegen 0.32/turn                q - ring of poison resistance
MPRegen 0.13/turn                p - ring of protection from fire

@: studying Axes
A: permanent stasis, dig shafts and tunnels, antennae 3, four strong arms
a: Dig, Shaft Self, Renounce Religion, Heroism, Finesse


You were on level 9 of the Dungeon.
You worshipped Okawaru.
Okawaru was greatly pleased with you.
You visited 2 branches of the dungeon, and saw 10 of its levels.

You collected 520 gold pieces.
You spent 28 gold pieces at shops.


Innate Abilities, Weirdness & Mutations

You cannot be hasted, slowed, berserked, paralysed or teleported.
You can dig through walls and to a lower floor.
You have a pair of large antennae on your head. (SInv)
Your four strong arms can wield two-handed weapons with a shield.


   Skills:
 + Level 4.7 Fighting
 - Level 16.0 Axes
 + Level 4.7 Armour
 - Level 4.0 Shields
 + Level 3.0 Invocations


You had 9 spell levels left.
You didn't know any spells.
Your spell library contained the following spells:

 Spells                   Type           Power      Damage    Failure   Level
 Magic Dart               Conj           0%         1d3       100%        1
 Slow                     Hex            0%         N/A       100%        1
 Ensorcelled Hibernation  Hex/Ice        0%         N/A       100%        2
 Passwall                 Tmut/Erth      0%         N/A       100%        2
 Sublimation of Blood     Necr           0%         N/A       100%        2
 Confusing Touch          Hex            0%         N/A       100%        3
 Dazzling Flash           Conj/Hex       0%         N/A       100%        3
 Mephitic Cloud           Conj/Pois/Air  0%         N/A       100%        3
 Vampiric Draining        Necr           0%         2d6       100%        3
 Iskenderun's Mystic Bla  Conj/Tloc      0%         2d3       100%        4
 Manifold Assault         Tloc           0%         N/A       100%        4
 Petrify                  Tmut/Erth      0%         N/A       100%        4
 Irradiate                Conj/Tmut      0%         3d11      100%        5
 Starburst                Conj/Fire      0%         6d3       100%        6
 Storm Form               Tmut/Air       0%         N/A       100%        7
 Blink                    Tloc           Unusable   N/A       N/A         2
 Call Imp                 Summ           Unusable   N/A       N/A         2
 Swiftness                Air            Unusable   N/A       N/A         3

Inventory:

Hand Weapons
 a - a +0 war axe (weapon)
 A - a +1 battleaxe
   (You took it off a wight on level 8 of the Dungeon)
Armour
 c - a +0 buckler (worn)
 g - a +0 pair of boots (worn)
   (You found it on level 1 of the Dungeon)
 i - a +0 cloak (worn)
   (You found it on level 1 of the Dungeon)
 s - a +0 plate armour (worn)
   (You found it on level 5 of the Dungeon)
 u - a +0 pair of gloves (worn)
   (You found it on level 5 of the Dungeon)
 w - the +1 ring mail "Qobotwox" {Int+4 Slay+3}
   (You found it on level 6 of the Dungeon)

   Int:       It affects your intelligence (+4).
   Slay:      It affects your accuracy & damage with ranged weapons and melee
   (+3).
Jewellery
 j - a ring of protection from cold
   (You found it on level 3 of the Dungeon)
 n - a ring of wizardry
   (You found it on level 3 of the Dungeon)
 p - a ring of protection from fire (right hand)
   (You found it on level 4 of the Dungeon)
 q - a ring of poison resistance (left hand)
   (You found it on level 7 of the Dungeon)
 r - a ring of fire
   (You found it on level 7 of the Dungeon)
Wands
 e - a wand of flame (50)
   (You found it on level 5 of the Dungeon)
 f - a wand of acid (9)
   (You found it on level 3 of the Dungeon)
 v - a wand of paralysis (6)
   (You found it on level 6 of the Dungeon)
 x - a wand of roots (21)
   (You found it on level 6 of the Dungeon)
Scrolls
 b - 3 scrolls of enchant weapon
 o - a scroll of poison
 t - a scroll of fog
Potions
 d - a potion of might
 k - 3 potions of mutation
 l - a potion of brilliance
 m - 5 potions of attraction
 z - a potion of haste {unknown}
 B - a potion of ambrosia

Dungeon Overview and Level Annotations

Branches:
Dungeon (9/15) Zot: 26577  Temple (1/1) D:5 Zot: 5972
   Lair: D:8-11         Orc: D:9-12

Altars:
Ashenzari
Cheibriados
Dithmenos
Elyvilon
Fedhas
Gozag
Hepliaklqana
Kikubaaqudgha
Makhleb
Nemelex Xobeh
Okawaru
Qazlal
Ru
Sif Muna
Trog
Uskayaw
Vehumet
Wu Jian
Xom
Zin
The Shining One

Shops:
D:5 *   D:6 !((   D:8 [

Annotations:
D:9 Prince Ribbit

...#{# ...#.#
#.{..###############
#.#####............#
#.# #.?..........# #.#
#......)).<..# ..##
#........gg..#
#){####....g...FF..#
..)....รทรท.######@###
#.#######.##.....#
....# #.##.##.## ....#
#.# .. ....# #.. .).
.)..# ##. ###. ....#
#. .. ....# # .. ....#


You could see Prince Ribbit, a gnoll sergeant, a bullfrog and 2 gnolls.


Message History

The gnoll hits you from afar with a +0 spear.
* * * LOW HITPOINT WARNING * * *
You block the gnoll sergeant's attack.
You hit the gnoll sergeant.
A gnoll comes into view. It is wielding a +0 flail.
You block the gnoll's attack.
The gnoll sergeant hits you but does no damage.
Unknown command.
The gnoll sergeant blocks your attack.
You completely miss Prince Ribbit.
The gnoll shouts!
You hear a shout! x2
You block Prince Ribbit's attack.
You barely miss the gnoll sergeant. You hit Prince Ribbit.
The gnoll hits you from afar with a +0 spear.
* * * LOW HITPOINT WARNING * * *
You block the gnoll sergeant's attack.
Prince Ribbit blinks! ๐Ÿ˜จ HP[-3]
You take 3 damage, and now have 25/73 hp.
Unknown command.
You barely miss the gnoll sergeant.
The gnoll hits you from afar with a +0 spear.
* * * LOW HITPOINT WARNING * * *
The gnoll sergeant hits you but does no damage.
The gnoll sergeant blocks your attack.
You hit Prince Ribbit. The gnoll hits you but does no damage.
The gnoll sergeant hits you but does no damage.
You writhe in agony.
* * * LOW HITPOINT WARNING * * *
Prince Ribbit hits you but does no damage. ๐Ÿ˜จ HP[-1]
You take 1 damage, and now have 24/73 hp.
The gnoll sergeant blocks your attack.
You hit Prince Ribbit.
Prince Ribbit blinks!
Unknown command.
You hit the gnoll sergeant but do no damage.
The gnoll hits you but does no damage.
The gnoll sergeant hits you but does no damage.
Prince Ribbit blinks!
You hit the gnoll sergeant but do no damage.
The gnoll hits you but does no damage.
The gnoll sergeant hits you with a +0 spear of pain.
* * * LOW HITPOINT WARNING * * *
๐Ÿ˜ฑ HP[-6] MP[+1]
You take 6 damage, and now have 18/73 hp.
Your mp is fully restored (12).
You barely miss the gnoll sergeant.
Prince Ribbit blinks!
A bullfrog comes into view.
The gnoll hits you but does no damage.
The gnoll sergeant hits you with a +0 spear of pain!
* * * LOW HITPOINT WARNING * * *
๐Ÿ˜ฑ HP[-8]
You take 8 damage, and now have 10/73 hp.
You hit the gnoll sergeant. You slash the gnoll!
You kill the gnoll!
Okawaru accepts your kill.
Your Invocations skill increases to level 3!
Unknown command.
It was a potion of ambrosia.
You are confused.
You feel invigorated. The gnoll closely misses you.
The gnoll sergeant hits you but does no damage.
Prince Ribbit hits you!
* * * LOW HITPOINT WARNING * * *
๐Ÿ˜ฑ HP[-6]
You take 6 damage, and now have 4/73 hp.
Unknown command.
Prince Ribbit attacks as you move away!
Prince Ribbit hits you but does no damage.
The bullfrog hits you.
* * * LOW HITPOINT WARNING * * *
The gnoll sergeant hits you from afar with a +0 spear of pain.
* * * LOW HITPOINT WARNING * * *
Unknown command.
You're too confused to move!
You feel like a meek peon again. Prince Ribbit hits you.
* * * LOW HITPOINT WARNING * * *
The gnoll hits you but does no damage.
The gnoll sergeant hits you from afar with a +0 spear of pain.
* * * LOW HITPOINT WARNING * * *
You writhe in agony.
* * * LOW HITPOINT WARNING * * *
A gnoll comes into view. It is wielding a +0 whip. ๐Ÿ˜ฑ HP[-2]
You take 2 damage, and now have 2/73 hp.
You feel better.
You feel less invigorated. You block Prince Ribbit's attack.
The bullfrog hits you.
* * * LOW HITPOINT WARNING * * *
The gnoll hits you but does no damage. The gnoll sergeant barely misses you.
The bullfrog hits you.
* * * LOW HITPOINT WARNING * * *
You block Prince Ribbit's attack. ๐Ÿ˜ฑ HP[+7]
You regained 7 hp, and now have 9/73 hp.
The bullfrog attacks as you move away!
You block the bullfrog's attack. ๐Ÿ˜ฑ HP[+1] Prince Ribbit attacks as you move away!
Prince Ribbit hits you!
* * * LOW HITPOINT WARNING * * *
The bullfrog hits you but does no damage. x2
Prince Ribbit hits you.
You die...

Skill      XL: |  1  2  3  4  5  6  7  8  9 10 |
---------------+-------------------------------+-----
Axes           | 3 4 5 6 7 8 10 14 16 | 16.0
Invocations    | 3 |  3.0
Fighting       | 4 |  4.7
Armour         | 4 |  4.7
Shields        | |  4.0

Action                     |  1- 3 |  4- 6 |  7- 9 | 10-12 || total
---------------------------+-------+-------+-------+-------++-------
  Melee: War axe           |   104 |    53 |   276 |   162 ||   595
 Invoke: Heroism           |       |       |     1 |     2 ||     3
    Use: Scroll            |     3 |     4 |    10 |     1 ||    18
         Potion            |       |     1 |     3 |     4 ||     8
 Armour: Scale mail        |    49 |    35 |    40 |       ||   124
         Plate armour      |       |       |   131 |    66 ||   197
         Ring mail         |       |       |     7 |       ||     7
  Dodge: Dodged            |    51 |    31 |   102 |    35 ||   219
  Block: Buckler           |    23 |    17 |    81 |    45 ||   166

Levels and vault maps discovered:
D:1:      dpeg_arrival_tiny_d, layout_basic
D:2:      layout_rooms, hellmonk_ecumenical_altar_crossroads
D:3:      layout_basic, elyvilon_altar_5, hangedman_decor_lopped,
          nicolae_figureground_pulse, uniq_robin
D:4:      layout_loops_ring
D:5:      layout_basic, nemelex_xobeh_ov_fountains_minmay, temple_statues,
          serial_shops, nicolae_shop_overgrown_old_shop, minmay_crystal_room
D:6:      layout_basic, fiery_altar_vehumet,
          gammafunk_temple_overflow_forgotten, kennysheep_little_box,
          serial_shops, kennysheep_mini, shop, shop
D:7:      layout_rooms, chequers_temple_overflow_statue_of_worship,
          mainiacjoe_overflow_catwalk, nicolae_ru_the_path_less_chosen
D:8:      layout_loops_ring, tso_altar, lemuel_coloured_pillars_altar,
          serial_shops, nicolae_lakefront_shop, minmay_between
D:9:      layout_basic, mainiacjoe_overflow_alcove_1, uniq_prince_ribbit1
Temple:   hellmonk_temple_two_chambers

Notes
Turn   | Place    | Note
-------+----------+-------------------------------------------
     0 | D:1      | ytrimaz the Formicid Fighter began the quest for the Orb.
     0 | D:1      | Reached XP level 1. HP: 18/18 MP: 1/1
     0 | D:1      | magus.rc [v1.9.6]
    13 | D:1      | You pick up a book of Minor Magic and begin reading...
    13 | D:1      | You add the spells Magic Dart, Call Imp and Mephitic Cloud
                  | to your library.
   236 | D:1      | You pick up a book of Debilitation and begin reading...
   236 | D:1      | You add the spells Slow, Vampiric Draining and Confusing
                  | Touch to your library.
   261 | D:1      | Reached XP level 2. HP: 24/24 MP: 2/2
   411 | D:1      | Reached skill level 3 in Axes
   585 | D:1      | Reached XP level 3. HP: 20/29 MP: 3/3
  1136 | D:2      | Found a faded altar of an unknown god.
  1244 | D:2      | Reached skill level 4 in Axes
  1244 | D:2      | Reached XP level 4. HP: 35/35 MP: 4/4
  1519 | D:3      | Noticed an ice beast
  1524 | D:3      | Killed an ice beast
  1525 | D:3      | Reached skill level 5 in Axes
  1525 | D:3      | Reached XP level 5. HP: 26/41 MP: 5/5
  1587 | D:3      | Noticed Robin
  1603 | D:3      | Killed Robin
  1656 | D:3      | Found a white marble altar of Elyvilon.
  1715 | D:3      | You pick up a book of Spectacle and begin reading...
  1715 | D:3      | You add the spells Dazzling Flash, Iskenderun's Mystic
                  | Blast and Starburst to your library.
  2170 | D:4      | Reached skill level 6 in Axes
  2170 | D:4      | Reached XP level 6. HP: 28/47 MP: 6/6
  2420 | D:4      | Noticed an ogre
  2426 | D:4      | Killed an ogre
  2427 | D:4      | Reached skill level 7 in Axes
  2427 | D:4      | Reached XP level 7. HP: 24/52 MP: 7/7
  2998 | D:5      | Entered Level 5 of the Dungeon
  3047 | D:5      | Found a sparkling altar of Nemelex Xobeh.
  3320 | D:5      | Found Rear's Assorted Antiques.
  3331 | D:5      | Bought a scroll labelled ZODAUGR ISIENT for 28 gold pieces
  3427 | D:5      | Found a staircase to the Ecumenical Temple.
  3519 | Temple   | Entered the Ecumenical Temple
  3628 | D:5      | Reached skill level 8 in Axes
  3989 | D:6      | Identified the +9 quarterstaff "Ynebyme" {heavy, rCorr}
  4000 | D:6      | You add the spells Manifold Assault and Storm Form to your
                  | library.
  4111 | D:6      | Reached XP level 8. HP: 42/58 MP: 8/8
  4205 | D:6      | You pick up a book of Alchemy and begin reading...
  4205 | D:6      | You add the spells Sublimation of Blood, Petrify and
                  | Irradiate to your library.
  4239 | D:6      | Found Soilaulyh's Antique Weapon Emporium.
  4239 | D:6      | Found a radiant altar of Vehumet.
  4251 | D:6      | Found Ahuxtoll's Weapon Emporium.
  4258 | D:6      | Found a broken altar of Ashenzari.
  4268 | D:6      | Found an ancient bone altar of Kikubaaqudgha.
  4269 | D:6      | Found a glowing silver altar of Zin.
  4273 | D:6      | Identified the +1 ring mail "Qobotwox" {Int+4 Slay+3}
  4783 | D:6      | Found an iron altar of Okawaru.
  4790 | D:6      | Became a worshipper of Warmaster Okawaru
  4836 | D:6      | Found Igous's Distillery.
  4930 | D:7      | Reached skill level 9 in Axes
  4932 | D:7      | Noticed a wyvern
  4941 | D:7      | Killed a wyvern
  5097 | D:7      | Reached * piety under Okawaru
  5105 | D:7      | Reached skill level 10 in Axes
  5110 | D:7      | HP: 14/58 [killer bee (4)]
  5122 | D:7      | HP: 11/58 [bullfrog (3)]
  5300 | D:7      | Found a stormy altar of Qazlal.
  5327 | D:6      | HP: 13/58 [gnoll/+0 spear[a gnoll sergeant] (2)]
  5340 | D:7      | HP: 12/58 [gnoll/+0 spear[a gnoll sergeant] (1)]
  5344 | D:7      | Reached XP level 9. HP: 8/64 MP: 9/9
  5661 | D:7      | Noticed a hornet
  5673 | D:7      | Killed a hornet
  5674 | D:7      | Reached skill level 11 in Axes
  5682 | D:7      | HP: 16/64 [poisoned by a hornet]
  5926 | D:7      | Identified the +1 ring mail "Inuymor" {rC+}
  5968 | D:7      | Found a shadowy altar of Dithmenos.
  5968 | D:7      | Found a blossoming altar of Fedhas.
  5974 | D:7      | Reached ** piety under Okawaru
  6158 | D:7      | Identified a scroll of acquirement
  6158 | D:7      | Acquired a manual of Axes
  6273 | D:7      | Found a sacrificial altar of Ru.
  6363 | D:8      | You pick up a book of Burglary and begin reading...
  6363 | D:8      | You add the spells Passwall and Ensorcelled Hibernation to
                  | your library.
  6408 | D:8      | Found a glowing golden altar of the Shining One.
  6411 | D:8      | Reached skill level 12 in Axes
  6417 | D:8      | HP: 16/64 [poisoned by a wight]
  6422 | D:8      | HP: 12/64 [poisoned by a wight]
  6932 | D:8      | Reached skill level 13 in Axes
  7097 | D:8      | Noticed a two-headed ogre
  7106 | D:8      | Killed a two-headed ogre
  7107 | D:8      | Reached skill level 14 in Axes
  7107 | D:8      | Reached XP level 10. HP: 23/70 MP: 10/10
  7290 | D:8      | Reached *** piety under Okawaru
  7291 | D:8      | Reached skill level 15 in Axes
  7310 | D:8      | HP: 15/70 [yak (10)]
  7320 | D:8      | HP: 15/70 [yak (2)]
  7325 | D:8      | HP: 13/70 [yak (2)]
  7328 | D:8      | Reached skill level 16 in Axes
  7608 | D:8      | Found Weymoacw's Antique Armour Shop.
  7735 | D:8      | Reached skill level 1 in Invocations
  7755 | D:8      | Reached skill level 4 in Fighting
  7755 | D:8      | Reached skill level 4 in Armour
  7862 | D:8      | Found a snail-covered altar of Cheibriados.
  8091 | D:9      | Reached skill level 2 in Invocations
  8096 | D:9      | Reached **** piety under Okawaru
  8227 | D:9      | Noticed Prince Ribbit
  8259 | D:9      | HP: 18/73 [Prince Ribbit (3)]
  8450 | D:9      | HP: 18/73 [gnoll sergeant/+0 spear of pain (6)]
  8453 | D:9      | Reached skill level 3 in Invocations
  8453 | D:9      | HP: 4/73 [Prince Ribbit (11)]
  8458 | D:9      | HP: 2/73 [Prince Ribbit (8)]
  8458 | D:9      | Slain by Prince Ribbit

Vanquished Creatures
  A two-headed ogre (D:8)
  A troll (D:9)
  A hornet (D:7)
  2 wyverns
  4 yaks (D:8)
  An ice beast (D:3)
  A sky beast (D:7)
  A black bear (D:7)
  An orc warrior (D:9)
  An ogre (D:4)
  3 centaurs
  3 phantoms
  2 bullfrogs
  2 scorpions
  A gnoll sergeant (D:6)
  13 wights (D:8)
  5 killer bees (D:7)
  4 howler monkeys
  2 hounds
  A jelly (D:7)
  2 iguanas
  5 orc wizards
  3 sleepcaps
  Robin (D:3)
  7 gnolls
  2 adders
  2 shadow imps
  An ufetubus (D:5)
  2 dart slugs
  12 orcs
  4 ball pythons
  4 endoplasms
  3 giant cockroaches
  14 goblins
  6 hobgoblins
  7 quokkas
  4 bats
  3 frilled lizards (D:1)
  7 kobolds
  3 rats (D:1)
142 creatures vanquished.

Table legend:
 A = Non-vault XP
 B = Vault XP
 C = Vault XP percentage of total XP
 D = Non-vault monster count
 E = Vault monster count
 F = Vault count percentage of total count
                 A         B        C        D         E       F
            +---------+---------+-------+---------+---------+-------
      Total |    5608 |    1027 |  15.5 |     125 |      17 |  12.0
            +---------+---------+-------+---------+---------+-------
        D:1 |      57 |       0 |   0.0 |      27 |       0 |   0.0
        D:2 |      16 |       0 |   0.0 |       8 |       0 |   0.0
        D:3 |     147 |      32 |  17.9 |       5 |      11 |  68.8
        D:4 |     351 |       0 |   0.0 |      14 |       0 |   0.0
        D:5 |     372 |       0 |   0.0 |       9 |       0 |   0.0
        D:6 |     202 |       0 |   0.0 |       6 |       0 |   0.0
        D:7 |    1450 |       0 |   0.0 |      16 |       0 |   0.0
        D:8 |    1998 |     995 |  33.2 |      26 |       6 |  18.8
        D:9 |    1015 |       0 |   0.0 |      14 |       0 |   0.0
            +---------+---------+-------+---------+---------+-------

Illustrated notes

Table legend:
 A = Kills in this place as a percentage of kills in the entire game.
 B = Kills by you in this place as a percentage of kills by you in the entire game.
 C = Kills by friends in this place as a percentage of kills by friends in the entire game.
 D = Other kills in this place as a percentage of other kills in the entire game.
 E = Experience gained in this place as a percentage of experience gained in the entire game.
 F = Experience gained in this place divided by the number of levels of this place that you have seen.
                   A       B       C       D       E      F
               +-------+-------+-------+-------+-------+----------------------
         Total | 100.0 | 100.0 |   N/A |   N/A | 100.0 | 663.5
       Dungeon | 100.0 | 100.0 |   N/A |   N/A | 100.0 | 737.2
               +-------+-------+-------+-------+-------+----------------------

Table legend: (Time is in decaauts)
 A = Elapsed time spent in this place.
 B = Non-inter-level travel time spent in this place.
 C = Inter-level travel time spent in this place.
 D = Time resting spent in this place.
 E = Time spent auto-exploring this place.
 F = Levels seen in this place.
 G = Mean time per level.
                   A        B        C        D        E       F      G
               +--------+--------+--------+--------+--------+-----+--------+
         Total |   8475 |   8285 |    190 |    439 |   6448 |  10 |  847.5 |
       Dungeon |   8447 |   8257 |    190 |    439 |   6435 |   9 |  938.6 |
        Temple |     27 |     27 |      0 |      0 |     13 |   1 |   27.0 |
               +--------+--------+--------+--------+--------+-----+--------+

Top non-repeatable levels by time:
     D:8: 1807 daAuts
     D:7: 1412 daAuts
     D:1: 1092 daAuts
     D:6: 1034 daAuts
     D:5: 882 daAuts
     D:4: 857 daAuts
     D:3: 700 daAuts
     D:2: 399 daAuts
     D:9: 259 daAuts
  Temple: 27 daAuts
